 Dungeon Crawl Stone Soup version 0.31-a0-846-gb3bcc0d938 (webtiles) character file.

Game seed: 11720476246429617028

59 Danienth the Sneak (level 4, 0/24 HPs)
             Began as a Kobold Enchanter on Oct 3, 2023.
             Succumbed to an adder's poison
             ... on level 2 of the Dungeon.
             The game lasted 00:06:19 (1304 turns).

Danienth the Sneak (Kobold Enchanter)               Turns: 1304, Time: 00:06:20

Health: 0/24       AC:  3    Str:  7    XL:     4   Next: 22%
Magic:  7/7        EV: 15    Int: 16    God:
Gold:   70         SH:  0    Dex: 15    Spells: 7/7 levels left

rFire   . . .        a - +1 dagger
rCold   . . .        (no shield)
rNeg    . . .        b - +1 robe
rPois   .            (no helmet)
rElec   .            (no cloak)
rCorr   .            (no gloves)
SInv    .            (no boots)
Will    .....        (no amulet)
Stlth   ++++         (no ring)
HPRegen 0.24/turn    (no ring)
MPRegen 0.10/turn

%: no passive effects
@: lethally poisoned (0 -> -4), hasted, invisible, very quick
A: small, no large weapons, nightstalker 3
a: no special abilities


You were on level 2 of the Dungeon.
You visited 1 branch of the dungeon, and saw 2 of its levels.

You collected 70 gold pieces.

Inventory:

Hand Weapons
 a - a +1 dagger (weapon)
 h - a +0 sling
Missiles
 d - 3 boomerangs (quivered)
Armour
 b - a +1 robe (worn)
Scrolls
 g - a scroll of identify {unknown}
 i - a scroll of amnesia {unknown}
 j - a scroll of noise {unknown}
Potions
 c - 2 potions of invisibility


   Skills:
 * Level 4.1 Short Blades
 - Level 2.4 Dodging
 + Level 5.1 Stealth
 - Level 2.1 Spellcasting
 - Level 3.0 Hexes


You had 7 spell levels left.
You didn't know any spells.
Your spell library contained the following spells:

 Spells                   Type           Power      Damage    Failure   Level
 Ensorcelled Hibernation  Hex/Ice        12%        N/A       17%         2
 Confusing Touch          Hex            11%        N/A       19%         3
 Tukima's Dance           Hex            11%        N/A       19%         3
 Dazzling Flash           Conj/Hex       12%        N/A       32%         3


Dungeon Overview and Level Annotations

Branches:
Dungeon (2/15)

Altars:


Innate Abilities, Weirdness & Mutations

You are small and have problems with some larger weapons.
You are completely attuned to the shadows.


Message History

You feel sick. The adder bites you.
You are more poisoned.
The adder poisons you!
You hit the dart slug.
You kill the dart slug!
You feel sick. The adder closely misses you.
You closely miss the adder.
You feel sick. The adder bites you.
You are lethally poisoned!
The adder poisons you!
You are too injured to fight recklessly!
You are too injured to fight recklessly!
You are too injured to fight recklessly!
You are too injured to fight recklessly!
Hit: a) +1 dagger
Press: ? - help, Dir - move target, f - adder
Aim: an adder (about 49% to evade your +1 dagger)
You hit the adder.
The adder is moderately wounded.
You feel sick. The adder closely misses you.
Hit: a) +1 dagger
Press: ? - help, Dir - move target, f/p - adder
Aim: an adder (moderately wounded, about 49% to evade your +1 dagger)
You hit the adder.
The adder is moderately wounded.
* * * LOW HITPOINT WARNING * * *
You feel sick. The adder closely misses you.
You fade into invisibility!
* * * LOW HITPOINT WARNING * * *
You feel very sick. The adder completely misses you. The adder misses you.
* * * LOW HITPOINT WARNING * * *
You feel sick.
It was a potion of haste.
You feel yourself speed up.
* * * LOW HITPOINT WARNING * * *
You feel sick. The adder misses you.
Okay, then.
As you read the scroll labelled TESAURGH AMIGOD, it crumbles to dust.
It is a scroll of enchant armour.
Your +0 robe glows green for a moment.
You die...

..#####...#####+
................
................
...................
#....##.###........
#....##..# ........
###....##..#
.......
....S..##..#
.......
#..†@...#..#
.####..
####.#..#.†###
.....# ............
..#..# ##.......###
# #..# #.#....##
###..# #.#.#..#
...... #.##.#
...#.# ..[#.#
......


You could see an adder (unable to see you).

Vanquished Creatures
  An adder (D:2)
  2 dart slugs
  A ball python (D:1)
  4 endoplasms
  4 giant cockroaches
  3 goblins (D:1)
  8 hobgoblins
  9 bats
  A frilled lizard (D:1)
  3 kobolds (D:1)
  5 rats (D:1)
  A spectral hobgoblin (D:1)
42 creatures vanquished.

Notes
Turn   | Place    | Note
-------+----------+-------------------------------------------
     0 | D:1      | Danienth the Kobold Enchanter began the quest for the Orb.
     0 | D:1      | Reached XP level 1. HP: 10/10 MP: 3/3
    78 | D:1      | Reached XP level 2. HP: 15/15 MP: 5/5
   421 | D:1      | Reached XP level 3. HP: 19/19 MP: 6/6
   561 | D:1      | Found a faded altar of an unknown god.
  1200 | D:2      | Reached skill level 5 in Stealth
  1200 | D:2      | Reached XP level 4. HP: 18/24 MP: 7/7
  1303 | D:2      | HP: 1/24 [poisoned by an adder]
  1304 | D:2      | Succumbed to an adder's poison

Illustrated notes

Levels and vault maps discovered:
D:1:      spicycebolla_arrival_xxxplode, layout_loops_ring,
          dreamdust_ecumenical_altar_drowned_temple
D:2:      layout_basic

Skill      XL: |  1  2  3 |
---------------+----------+-----
Short Blades   | 2 3 4 |  4.1
Stealth        | 5 |  5.1
Dodging        | |  2.4
Spellcasting   | |  2.1
Hexes          | |  3.0

Action                     |  1- 3 |  4- 6 || total
---------------------------+-------+-------++-------
  Melee: Dagger            |   133 |    17 ||   150
         Punch             |       |     1 ||     1
  Throw: Boomerang         |     6 |       ||     6
    Use: Scroll            |     1 |     1 ||     2
         Potion            |       |     2 ||     2
   Stab: Sleeping          |    19 |     1 ||    20
 Armour: Robe              |    44 |    10 ||    54
  Dodge: Dodged            |    87 |    14 ||   101

Table legend: (Time is in decaauts)
 A = Elapsed time spent in this place.
 B = Non-inter-level travel time spent in this place.
 C = Inter-level travel time spent in this place.
 D = Time resting spent in this place.
 E = Time spent auto-exploring this place.
 F = Levels seen in this place.
 G = Mean time per level.
                   A        B        C        D        E       F      G
               +--------+--------+--------+--------+--------+-----+--------+
         Total |   1291 |   1258 |     33 |    206 |    767 |   2 |  645.5 |
       Dungeon |   1291 |   1258 |     33 |    206 |    767 |   2 |  645.5 |
               +--------+--------+--------+--------+--------+-----+--------+

Top non-repeatable levels by time:
     D:1: 1159 daAuts
     D:2: 131 daAuts
